AoeStats
← viktor_uebelhart

Arabia

509164200Analyzed
1v1 RM · 6d ago on Sep 25, 2026· 34m 39s· 2 players
Game mode
Random Map
Map size
Tiny (2 player)
Population
200
Speed
Normal
Resources
Standard
Victory
Conquest
Starting age
Dark Age
Ending age
Imperial Age
RankedLock teamsTeams togetherTeam positionsShared explorationLock speedFull tech treeHidden civsTurbo modeCheats
Victory
Defeat
🇦🇷 Vikings · Argentina
995
+14
🇧🇷 Magyars · Brazil
958
-14
viktor_uebelhart
7:06 Loom
7:53 Loom
11:15 Feudal Age
17:38 Castle Age
17:04 Double-Bit Axe
19:12 Scale Barding Armor
20:32 Bow Saw
21:07 Chain Barding Armor
31:27 Wheelbarrow
30:34 Horse Collar
ìµgløÛrïøus Bªst£rd
8:09 Loom
10:30 Feudal Age
17:15 Castle Age
15:28 Double-Bit Axe
15:26 Horse Collar
18:12 Heavy Plow
18:25 Bow Saw
18:41 Gold Mining
21:52 Pikeman
22:32 Squires
24:36 Town Watch
27:09 Scale Mail Armor
27:21 Forging
27:23 Arson
29:47 Chain Mail Armor
31:40 Iron Casting
30:56 Fletching
33:34 Fletching
33:54 Town Patrol
Connection lost

Rejoining the realm…

Still unreachable

The connection could not be restored.

Session expired

The server has moved on; the page needs a fresh start.